Map: Acropolis LE

Players

PtitDrogo - Winner!

  • Race: Protoss Protoss
  • League: Grandmaster
  • Spawn Location: 5:00

Elazer

  • Race: Zerg Zerg
  • League: Master
  • Spawn Location: 11:00

Event: NationWars 2019

VOD

Have the link to the VOD?

Description

Time

  • Played on: Nov. 17, 2019, 4:22 p.m.
  • Length: 7:57
Show
View Real Time Build Order
Export as new Build Order

PtitDrogo Protoss - Winner!

Build Orders: 1 Gate Expand, Zealot Archon 

Get SALT Encoding   

  12  0:00  Probe  
  13  0:12  Probe  
  14  0:21  Pylon  
  14  0:24  Probe  
  15  0:30  Assimilator  
  15  0:39  Probe (Chrono Boost)  
  16  0:46  Gateway  
  16  0:48  Probe (Chrono Boost)  
  17  0:53  Probe (Chrono Boost)  
  18  1:05  Probe  
  19  1:17  Probe  
  20  1:23  Nexus  
  20  1:33  Cybernetics Core  
  20  1:35  Probe  
  21  1:40  Assimilator  
  21  1:47  Probe  
  21  1:50  Pylon  
  22  1:59  Probe  
  23  2:07  Adept (Chrono Boost)  
  23  2:11  Probe  
  23  2:14  Forge  
  26  2:21  Warp Gate  
  26  2:23  Probe  
  26  2:29  Stalker  
  29  2:35  Probe (Chrono Boost)  
  29  2:36  Probe (Chrono Boost)  
  33  2:44  Probe (Chrono Boost)  
  33  2:45  Probe (Chrono Boost)  
  33  2:48  Protoss Ground Weapons Level 1  
  33  2:50  Probe x2 (Chrono Boost)  
  33  2:56  Robotics Facility  
  35  3:03  Probe x2 (Chrono Boost)  
  37  3:09  Pylon  
  37  3:15  Probe (Chrono Boost)  
  37  3:19  Probe (Chrono Boost)  
  39  3:21  Probe (Chrono Boost)  
  39  3:23  Gateway  
  39  3:26  Probe  
  41  3:29  Probe  
  42  3:38  Probe  
  42  3:39  Nexus  
  42  3:40  Pylon  
  43  3:41  Probe  
  43  3:44  Observer (Chrono Boost)  
  45  3:50  Probe  
  45  3:51  Assimilator  
  45  3:53  Probe, Assimilator  
  47  3:58  Immortal (Chrono Boost)  
  47  4:02  Probe  
  52  4:05  Probe  
  52  4:07  Gateway  
  53  4:12  Gateway  
  53  4:14  Probe  
  54  4:18  Zealot  
  54  4:19  Sentry  
  54  4:20  Probe  
  59  4:26  Probe  
  59  4:29  Pylon  
  60  4:33  Probe  
  60  4:37  Pylon  
  61  4:38  Probe  
  62  4:47  Immortal  
  62  4:51  Probe (Chrono Boost)  
  62  4:52  Probe (Chrono Boost)  
  69  4:55  Probe (Chrono Boost), Twilight Council  
  70  5:01  Probe (Chrono Boost)  
  70  5:03  Charge, Probe (Chrono Boost)  
  70  5:04  Probe (Chrono Boost)  
  70  5:06  Probe (Chrono Boost)  
  72  5:11  Probe  
  74  5:15  Probe  
  74  5:16  Assimilator  
  74  5:17  Gateway  
  74  5:18  Probe  
  74  5:19  Assimilator  
  74  5:20  Gateway  
  74  5:21  Protoss Ground Weapons Level 2 (Chrono Boost)  
  76  5:23  Observer  
  76  5:24  Pylon, Probe  
  76  5:27  Zealot  
  79  5:32  Probe  
  79  5:34  Warp Prism  
  79  5:35  Probe  
  83  5:38  Probe  
  84  5:44  Probe  
  84  5:47  Probe  
  84  5:48  Gateway  
  84  5:49  Gateway  
  86  5:51  Pylon  
  86  5:52  Pylon  
  86  5:53  Templar Archives  
  86  5:56  Observer  
  86  6:00  Gateway  
  86  6:02  Gateway  
  86  6:06  Gateway  
  86  6:08  Pylon  
  86  6:09  Pylon  
  86  6:10  Probe x2  
  88  6:11  Observer  
  88  6:21  Zealot  
  88  6:23  Photon Cannon  
  88  6:24  Pylon  
  88  6:25  Pylon, Zealot x2  
  94  6:38  Pylon  
  94  6:42  Nexus  
  94  6:45  Pylon  
  94  6:46  High Templar x7  
  108  6:50  Archon x3  
  108  6:51  High Templar  
  108  6:53  Pylon  
  110  6:55  Archon  
  110  7:00  Zealot x2  
  114  7:04  Pylon  
  114  7:13  Zealot  
  116  7:18  Zealot x7  
  116  7:20  Zealot x2  
  122  7:40  High Templar x2  
  122  7:41  High Templar x2, Zealot x4  
  138  7:45  Archon x2  
Show
View Real Time Build Order
Export as new Build Order

Elazer Zerg 

Build Orders: Hatch First 

Get SALT Encoding   

  12  0:00  Drone  
  13  0:12  Overlord  
  13  0:16  Drone  
  14  0:30  Drone x2  
  16  0:47  Hatchery  
  15  0:50  Drone  
  15  0:54  Drone  
  17  0:57  Drone  
  18  1:08  Extractor  
  17  1:12  Spawning Pool  
  17  1:15  Drone  
  17  1:19  Drone  
  18  1:27  Drone  
  19  1:38  Drone  
  20  1:49  Drone  
  21  1:59  Queen x2  
  21  2:00  Zergling x2, Overlord  
  26  2:11  Zergling x2, Drone  
  28  2:20  Drone  
  28  2:21  Drone  
  30  2:26  Hatchery  
  29  2:34  Drone x2  
  31  2:39  Queen  
  31  2:43  Metabolic Boost  
  33  2:47  Overlord  
  33  2:50  Drone  
  34  2:56  Drone x2  
  36  3:05  Overlord  
  36  3:08  Drone x2  
  36  3:09  Drone x2  
  36  3:11  Drone  
  36  3:12  Drone  
  42  3:20  Queen  
  44  3:28  Drone x4  
  44  3:33  Lair  
  47  3:35  Spore Crawler  
  47  3:38  Drone  
  47  3:40  Drone  
  48  3:42  Drone  
  48  3:43  Drone  
  48  3:45  Drone  
  51  3:49  Drone x3  
  51  3:51  Drone  
  51  3:54  Overlord  
  55  4:02  Queen  
  55  4:08  Roach Warren  
  55  4:09  Drone  
  57  4:12  Drone x2  
  57  4:13  Drone x3  
  57  4:14  Drone  
  57  4:16  Drone  
  64  4:18  Overlord  
  64  4:19  Drone  
  64  4:23  Overlord  
  65  4:28  Overlord  
  65  4:29  Extractor  
  65  4:30  Extractor  
  63  4:32  Overseer  
  63  4:34  Zergling x4  
  65  4:39  Overseer  
  65  4:41  Zergling x6  
  65  4:42  Zergling x2  
  65  4:44  Overlord  
  69  4:48  Roach x4  
  69  4:50  Overlord  
  77  4:55  Overlord  
  77  4:58  Drone x4, Overlord  
  81  5:04  Glial Reconstitution  
  81  5:05  Drone  
  83  5:07  Drone x2  
  83  5:13  Overlord  
  84  5:15  Drone x3  
  84  5:16  Extractor  
  84  5:17  Drone  
  84  5:18  Extractor  
  84  5:20  Drone, Evolution Chamber  
  86  5:23  Drone  
  86  5:24  Drone x2  
  86  5:26  Drone  
  86  5:27  Hatchery  
  89  5:29  Drone x3  
  89  5:32  Overlord  
  92  5:36  Overlord  
  92  5:42  Baneling Nest, Overlord  
  91  5:45  Roach x3  
  91  5:49  Overlord  
  97  5:50  Zerg Melee Weapons Level 1  
  97  5:51  Roach x2  
  97  5:55  Overlord  
  101  5:58  Drone x3, Extractor  
  101  6:01  Hydralisk Den  
  101  6:03  Drone, Overlord  
  103  6:09  Overlord  
  103  6:15  Zergling x10  
  108  6:20  Overlord  
  108  6:22  Overseer, Drone x8  
  115  6:27  Ravager x2  
  115  6:28  Drone, Overlord  
  115  6:32  Centrifical Hooks  
  118  6:33  Muscular Augments  
  117  6:40  Overlord  
  117  6:42  Drone x5  
  117  6:44  Extractor  
  120  6:48  Pneumatized Carapace  
  120  6:49  Infestation Pit  
  120  6:52  Hydralisk x4  
  127  6:57  Hydralisk x3  
  133  7:04  Hydralisk x3  
  139  7:13  Hydralisk x3  
  141  7:15  Zergling x16  
  141  7:16  Zergling x2  
  141  7:18  Zergling x4  
  145  7:25  Hydralisk x3  
  145  7:29  Hydralisk  
  130  7:30  Hydralisk  
  130  7:33  Zergling x8  
  134  7:37  Zergling x2  
  134  7:40  Baneling x3  
Tags
 
Add a new tag
Caveats
  • Supply blocks, unpowered buildings, or Contaminate may cause inaccurate times.
  • Supply counts are checked every 10 seconds.